Cogmind - Beta 14 @@@ ROGUE MODE // 2024.10.22 @ 17:23:31 Player: canerib Result: Destroyed by G-47 Trooper with Particle Gun Performance ------------- Evolutions (1) 500 Regions Visited (3) 600 Robots Destroyed (18) 90 Value Destroyed (390) 390 Prototype IDs (1) 20 Alien Tech Used (0) 0 Bonus (0) 0 TOTAL SCORE: 1600 Bonus ------- None Cogmind --------- Core Integrity 0/400 Matter 149/300 Energy 46/250 System Corruption 0% Temperature Cool (12) Movement Hovering (112) Ox1 Location -9/Materials Parts ------- > --- POWER (1) -------- Ion Engine > --- PROPULSION (4) --- Hover Unit Hover Unit Hover Unit > --- UTILITY (2) ------ Large Storage Unit > --- WEAPON (2) ------- (None) > --- INVENTORY (15) --- Hover Unit Aerolev Unit Aerolev Unit Aerolev Unit Aerolev Unit ECM Suite Mining Laser Peak State ------------ > --- POWER ------------ Light Nuclear Core > --- PROPULSION ------- Aerolev Unit Aerolev Unit Aerolev Unit Aerolev Unit > --- UTILITY ---------- Large Storage Unit Weapon Shielding > --- WEAPON ----------- EM Pulse Gun Small Laser > --- INVENTORY -------- Light Treads Light Treads Aluminum Leg Aluminum Leg Aluminum Leg Hover Unit Hover Unit Hover Unit Hover Unit Hover Unit Hover Unit Small Storage Unit ECM Suite Mining Laser [Rating: 24] Favorites ----------- Power Ion Engine Engine Ion Engine Power Core Light Nuclear Core Propulsion Aluminum Leg Treads Light Treads Leg Aluminum Leg Hover Unit Aerolev Unit Utility Small Storage Unit Device Improved Terrain Scanner Storage Small Storage Unit Protection Weapon Shielding Weapon Small Laser Energy Gun Small Laser Special Weapon Mining Laser Slashing Weapon Scythe Build | -11 -10 -10 -9 ------- Run | Yrd Mat Min Mat Slots Evolved 2 | . . . 2 Power . | . . . . Propulsion 2 | . . . 2 Utility . | . . . . Weapon . | . . . . Parts Attached 38 | 7 14 . 17 Power 4 | 1 2 . 1 Engine 3 | 1 1 . 1 Core 1 | . 1 . . Reactor . | . . . . Propulsion 18 | 2 2 . 14 Treads 3 | . 2 . 1 Leg 6 | 2 . . 4 Wheel . | . . . . Hover 9 | . . . 9 Flight . | . . . . Utility 8 | 2 6 . . Device 1 | 1 . . . Storage 5 | 1 4 . . Processor . | . . . . Hackware . | . . . . Protection 2 | . 2 . . Artifact . | . . . . Weapon 8 | 2 4 . 2 Energy Gun 5 | 2 3 . . Energy Cannon . | . . . . Ballistic Gun . | . . . . Ballistic Cannon . | . . . . Launcher . | . . . . Special Weapon 1 | . 1 . . Impact Weapon . | . . . . Slashing Weapon 2 | . . . 2 Piercing Weapon . | . . . . Special Melee Weapon . | . . . . Unidentified Prototypes 1 | . . . 1 Parts Lost 18 | . 6 . 12 Power 3 | . 2 . 1 Propulsion 6 | . . . 6 Utility 2 | . 1 . 1 Weapon 7 | . 3 . 4 Highest Loss Streak 12 | . 5 . 12 To Critical Strikes . | . . . . Average Slot Usage (%) 95 | . 96 100 92 Engine 5 | . 9 . . Core 6 | . 2 14 9 Treads 7 | . 3 28 7 Leg 23 | . 24 . 30 Device 5 | . 9 . . Storage 13 | . 14 14 11 Protection 6 | . 2 14 10 Energy Gun 23 | . 25 28 19 Peak Build Rating 24 | 9 10 10 24 Average Rating 9 | 5 8 10 13 On Entrance 7 | . 9 10 10 Naked Turns . | . . . . Heaviest Build 33 | 13 33 29 29 Greatest Support 43 | 20 40 40 43 Greatest Overweight (x) 7 | . . . 7 Average Overweight (x) . | . . . . Largest Inventory Capacity 15 | 8 15 15 15 Average Capacity 10 | 7 8 15 15 Most Carried 15 | 5 12 12 15 Average Carried 8 | 2 6 12 14 Final Capacity 15 | 8 15 15 15 Final Carried 12 | 3 12 12 7 Class Distribution -------------------- 100% | Mutant Dominant Class ---------------- Mutant | -10/Materials Mutant | -10/Mines Mutant | -9/Materials Resources | -11 -10 -10 -9 ----------- Run | Yrd Mat Min Mat Matter Collected 348 | 260 30 . 58 Remotely . | . . . . Salvage Created 652 | 168 228 . 256 Parts 28 | 9 9 . 10 Haulers Intercepted . | . . . . Recyclers Shooed . | . . . . Parts Field Recycled . | . . . . Retrieved Matter . | . . . . Parts Self-Destructed . | . . . . Prevented . | . . . . Kills | -11 -10 -10 -9 ------- Run | Yrd Mat Min Mat Combat Hostiles Destroyed 11 | . 7 . 4 Melee 2 | . . . 2 Guns 6 | . 6 . . Cannons 1 | . 1 . . AOE 2 | . . . 2 Classes Destroyed 7 | 2 3 . 2 Worker 1 | . 1 . . Tunneler 4 | 4 . . . Recycler 2 | 1 . . 1 Swarmer 3 | . 3 . . Grunt 6 | . 4 . 2 Duelist 1 | . . . 1 Sentry 1 | . . . 1 Best Kill Streak 3 | 2 3 . 3 Combat Bots Only 3 | . 3 . 2 Max Kills in Single Turn 2 | 1 2 . 2 Gunslinging 1 | . 1 . . Exploded 2 | . . . 2 Melee 1 | . . . 1 Uniques/NPCs Destroyed . | . . . . Combat | -11 -10 -10 -9 -------- Run | Yrd Mat Min Mat Hostile Shots Fired 161 | . 50 5 106 Missed 40 | . 12 1 27 Damage Taken 2018 | . 777 34 1207 Core 556 | . 147 9 400 Absorbed by Shields . | . . . . Redirected to Shielding 54 | . . 3 51 Core Remaining (%) 68 | 100 . 37 . Volleys Fired 59 | 14 33 1 11 Largest 2 | 2 2 2 2 Hottest 140 | 80 140 80 80 Shots Fired 114 | 25 65 2 22 Gun 111 | 25 62 2 22 Cannon . | . . . . Launcher . | . . . . Special 3 | . 3 . . Kinetic . | . . . . Thermal 98 | 25 61 1 11 Explosive . | . . . . Electromagnetic 16 | . 4 1 11 Robot Hit Streak 9 | 4 9 3 5 Robot Miss Streak 3 | 2 3 1 3 Penetration Max . | . . . . Secondary Targets 1 | . 1 . . Max Gunslinging Chain 1 | . 1 . . Shots Hit Robots 80 | 16 43 1 20 Core Hits 30 | 6 15 . 9 Critical Kills . | . . . . Critical Parts Destroyed . | . . . . Critical Strikes 1 | . . . 1 Sever 1 | . . . 1 Melee Attacks 8 | . . . 8 Impact . | . . . . Slashing 8 | . . . 8 Piercing . | . . . . Sneak Attacks . | . . . . Combat Hostiles . | . . . . Follow-up Attacks . | . . . . Damage Inflicted 1287 | 174 558 15 540 Guns 822 | 174 486 15 147 Cannons . | . . . . Explosions 193 | . 48 . 145 Melee 248 | . . . 248 Ramming . | . . . . Kinetic . | . . . . Thermal 916 | 174 519 . 223 Explosive . | . . . . Electromagnetic 123 | . 39 15 69 Impact . | . . . . Slashing 248 | . . . 248 Piercing . | . . . . Highest Corruption 21 | . 21 21 . Average Corruption 20 | . 20 21 . Corruption Purged . | . . . . Corruption Blocked . | . . . . Effects 9 | . 5 4 . Matter Fused 1 | . . 1 . Heat Flow Errors 1 | . . 1 . Energy Discharges 2 | . 1 1 . Data Loss (minor) 2 | . 1 1 . Data Loss (major) 1 | . 1 . . Misfires 1 | . 1 . . Misdirections 1 | . 1 . . Overload Shots . | . . . . Overflow Damage 18 | . 18 . . Projectiles . | . . . . Explosions 18 | . 18 . . Melee . | . . . . Knockbacks . | . . . . Impact . | . . . . Kinetic . | . . . . Secondary . | . . . . Self-Inflicted Damage 42 | . . . 42 Shots 1 | . . . 1 Rammed . | . . . . Targets Rammed . | . . . . Kicked . | . . . . Crushed . | . . . . Highest Temperature 257 | 72 257 82 126 Average Temperature 75 | 29 103 33 44 Received Heat Transfer 747 | . 159 . 588 Siege Activations . | . . . . Robots Corrupted . | . . . . Combat Hostiles . | . . . . Parts Fried . | . . . . Impact Corruptions . | . . . . Robots Melted . | . . . . Combat Hostiles . | . . . . Parts Melted 4 | . 3 . 1 Heat Transferred 1800 | 400 1125 . 275 Parts Sabotaged . | . . . . Parts Stolen . | . . . . Parts Stripped . | . . . . Power Chain Reactions 3 | . 1 . 2 Alert | -11 -10 -10 -9 ------- Run | Yrd Mat Min Mat Peak Influence 163 | 25 163 60 145 Initial 60 | . 16 60 23 Average 62 | 10 82 60 63 Maximum Alert Level . | . . . . Low Security (%) 100 | 100 100 100 100 Level 1 . | . . . . Level 2 . | . . . . Level 3 . | . . . . Level 4 . | . . . . Level 5 . | . . . . High Security . | . . . . Max Security . | . . . . Squads Dispatched . | . . . . Investigation . | . . . . Extermination . | . . . . Reinforcement . | . . . . Assault . | . . . . Garrison . | . . . . Intercept . | . . . . Searches Triggered . | . . . . Construction Impeded . | . . . . Haulers Reinforced . | . . . . Active Scanning Responses . | . . . . Cargo Convoy Interrupts . | . . . . Stealth | -11 -10 -10 -9 --------- Run | Yrd Mat Min Mat Distress Signals 1 | . . . 1 Communications Jammed . | . . . . Distress Signals . | . . . . Times Spotted 27 | . 9 5 13 Peak Tracking Total 9 | . 3 6 9 Tactical Retreats . | . . . . Traps | -11 -10 -10 -9 ------- Run | Yrd Mat Min Mat Traps Triggered 1 | . 1 . . Indirectly . | . . . . Trap Hack Attempts . | . . . . Triggered . | . . . . Disarmed . | . . . . Reprogrammed . | . . . . Reused . | . . . . Traps Extracted . | . . . . Installed . | . . . . Triggered . | . . . . Machines | -11 -10 -10 -9 ---------- Run | Yrd Mat Min Mat Machines Disabled 2 | . 1 . 1 Max in Single Turn 1 | . 1 . 1 Machines Repaired . | . . . . Machines Dismantled . | . . . . Machines Sabotaged . | . . . . Overloaded Fab Kills . | . . . . Hacking | -11 -10 -10 -9 --------- Run | Yrd Mat Min Mat Machines Accessed . | . . . . Terminals . | . . . . Fabricators . | . . . . Repair Stations . | . . . . Recycling Units . | . . . . Scanalyzers . | . . . . Garrison Access . | . . . . Total Hacks . | . . . . Successful . | . . . . Failed . | . . . . Catastrophic . | . . . . Database Lockouts . | . . . . Manual . | . . . . Terminals . | . . . . Fabricators . | . . . . Repair Stations . | . . . . Recycling Units . | . . . . Scanalyzers . | . . . . Garrison Access . | . . . . Terminal Hacks . | . . . . Fabricator Hacks . | . . . . Repair Station Hacks . | . . . . Recycling Unit Hacks . | . . . . Scanalyzer . | . . . . Garrison Access Hacks . | . . . . Unauthorized Hacks . | . . . . Terminals . | . . . . Fabricators . | . . . . Repair Stations . | . . . . Recycling Units . | . . . . Scanalyzers . | . . . . Garrison Access . | . . . . Data Cores Recovered . | . . . . Used . | . . . . Hacking Detections . | . . . . Full Trace Events . | . . . . Feedback Events . | . . . . Feedback Blocked . | . . . . Robot Schematics Acquired . | . . . . Robots Built . | . . . . Authchips . | . . . . Time . | . . . . Total Robot Build Rating . | . . . . Part Schematics Acquired . | . . . . Parts Built . | . . . . Authchips . | . . . . Time . | . . . . Total Part Build Rating . | . . . . Parts Repaired . | . . . . Time . | . . . . Parts Recycled . | . . . . Recycled Matter . | . . . . Retrieved Matter . | . . . . Retrieved Components . | . . . . Parts Scanalyzed . | . . . . Part Schematics Acquired . | . . . . Parts Damaged . | . . . . Bothacking | -11 -10 -10 -9 ------------ Run | Yrd Mat Min Mat Used RIF Installer . | . . . . Robots Hacked . | . . . . Non-combat . | . . . . Combat . | . . . . Robot Hacks Applied . | . . . . Relay Couplers Released . | . . . . Fabnet Peak Effective % . | . . . . Robots Rewired . | . . . . Allies Hacked . | . . . . Hacks Repelled . | . . . . Allies | -11 -10 -10 -9 -------- Run | Yrd Mat Min Mat Total Allies . | . . . . Largest Group . | . . . . Highest-Rated Group . | . . . . Highest-Rated Ally . | . . . . Total Orders . | . . . . Ally Attacks . | . . . . Total Damage . | . . . . Kills . | . . . . Allies Corrupted . | . . . . Allies Melted . | . . . . Intel | -11 -10 -10 -9 ------- Run | Yrd Mat Min Mat Robot Analysis Total . | . . . . Derelict Logs Recovered . | . . . . Drone Launches . | . . . . Drone Recoveries . | . . . . Exploration | -11 -10 -10 -9 ------------- Run | Yrd Mat Min Mat Turns Passed 846 | 153 382 64 247 Spaces Moved 429 | 90 183 39 117 Core 18 | 17 . . 1 Treads 63 | . 20 39 4 Legs 343 | 73 163 . 107 Wheels . | . . . . Hover 5 | . . . 5 Flight . | . . . . Fastest Speed 50 | 50 120 160 108 Average Speed 124 | 106 124 160 128 Slowest Speed 400 | 120 160 160 400 Overloaded Moves . | . . . . Propulsion Burnouts . | . . . . Robots Hopped . | . . . . Cave-ins Triggered 1 | . 1 . . Exploration Rate (%) 15 | 5 31 15 12 Regions Visited 3 Branch Regions 1 Pre-discovered Areas . | . . . . Known Exits Taken . | . . . . Unknown Exits Taken 3 | 1 1 1 . Scrap Searched . | . . . . Spaces Dug 2 | . 2 . . Terrain Destroyed 10 | . 5 . 5 Melee . | . . . . Projectile 2 | . 2 . . AOE 8 | . 3 . 5 Terrain Rammed . | . . . . Walls Destroyed . | . . . . Machines Disabled . | . . . . Actions | -11 -10 -10 -9 --------- Run | Yrd Mat Min Mat Total 604 | 122 264 39 179 Wait 31 | . 18 . 13 Move 426 | 89 182 38 117 Hop . | . . . . Pick Up 36 | 11 16 . 9 Fast Attach . | . . . . Attach 23 | 7 6 . 10 Detach . | . . . . Swap 15 | . 8 . 7 Drop 6 | 1 1 . 4 Fire 59 | 14 33 1 11 Melee 8 | . . . 8 Ram . | . . . . Kick . | . . . . Crush . | . . . . Escape Stasis . | . . . . Rewire . | . . . . Trap . | . . . . Miscellaneous . | . . . . Route ------- -11/Scrapyard -10/Materials -10/Mines -9/Materials History --------- Turn | Location | Event 5 | -11/Scrapyard | Discovered new exit (range 16) 154 | -11/Scrapyard | Entered Materials 314 | -10/Materials | Build established: Mutant 420 | -10/Materials | Crushed by falling debris 420 | -10/Materials | Core integrity fell below 50% 420 | -10/Materials | System corruption reached 10% 429 | -10/Materials | Discovered new exit (range 14) 451 | -10/Materials | Lost 5 parts (1p1u3w) 536 | -10/Materials | Entered Mines 583 | -10/Mines | Discovered new exit (range 12) 600 | -10/Mines | Entered Materials 600 | -9/Materials | Evolved 2 slots: Propulsion x2 829 | -9/Materials | Core integrity fell below 50% 837 | -9/Materials | Core integrity fell below 20% 847 | -9/Materials | Destroyed by G-47 Trooper with Particle Gun Last Messages --------------- 00822_ Imp. Aluminum Leg destroyed. 00823_ Critical hit (Burn: +37). 00823_ K-01 Serf collects debris. 00828_ Weapon Shielding destroyed. 00829_ Scythe destroyed. 00831_ Heat Sink melted. 00831_ Y-45 Defender destroyed. 00831_ K-01 Serf collects debris. 00833_ Acquired 58 matter. 00833_ M-13 Machinist repairs G-47 Trooper. 00834_ K-01 Serf collects debris. 00835_ M-13 Machinist repairs Aluminum Leg. 00838_ K-01 Serf collects debris. 00840_ Hover Unit destroyed. 00843_ K-01 Serf collects debris. 00844_ G-34 Mercenary destroyed. 00845_ Scythe destroyed. 00845_ Hover Unit destroyed. 00846_ M-13 Machinist repairs G-47 Trooper. 00847_ K-01 Serf collects debris. Map ----- +----------------------------------------------------+ | ????????????????????# "" + #?????????????? | | ????????????????????# # ! #?????????????? | | ????????????????????# !# #########?????????? | | ?????????????????########### # ?????????? | | ?????????????????# # # """ #????????? | | ?????????????????# # # """ #????????? | | ?????????????????# """ # # """ #????????? | | ?????????????????# """"" + + #????????? | | ?????????????????# """"" # # """ #????????? | | ?????????????????# """"" # # """ #????????? | | ?????????????????# """ # # """ #????????? | | ?????????????????# ? # # ?????????? | | ????????????????????######## #########?????????? | | ???????????????????????????# #?????????????????? | | ???????????????????????????# #?????????????????? | | ???????????????????????????# #?????????????????? | | ???????????????????????????# #?????????????????? | | ???????????????????????????# ########??????????? | | ????????????????????######## # #??????????? | | ????????????????????# """ # # """ #??????????? | | ????????????????????# """ # %# """ #??????????? | | ????????????????????# """ + /% """ #??????????? | | ????????????????????# # # """ #??????????? | | ????????????????????# !# # #??????????? | | ????????????????????# # ########??????????? | | ????????????????????#####@## #?????????????????? | | ????????????????????#|!g*%=# #?????????????????? | | ?????????############%Y[ "*# #?????????????????? | | ?? "%" +!g""" k% #?????????????????? | | ?????????############ m""" #^ ^ ??????????? | | ????????????????????# # ??????? | | ????????????????????# g # ???????? | | ????????????????????######## ####### ???????? | | ???????????????????????????# u#?????????????????? | | ???????????????????????????# #?????????????????? | | ???????????????????????????# +?????????????????? | | ???????????????????????????# #?????????????????? | | ???????????????????????????# #?????????????????? | | ???????????????????????????# #?????????????????? | | ???????????????????????????? ?????????????????? | | ???????????????????????????? ?????????????????? | | ???????????????????????????? ?????????????????? | | ????????????????????????????% ??????????????????? | | ?????????????????????????????????????????????????? | | ?????????????????????????????????????????????????? | | ?????????????????????????????????????????????????? | | ?????????????????????????????????????????????????? | | ?????????????????????????????????????????????????? | | ?????????????????????????????????????????????????? | | ?????????????????????????????????????????????????? | +----------------------------------------------------+ Best States ------------- Heat Dissipation 28 Energy Generation 14 Energy Capacity 250 Matter Stores 300 Matter Capacity 300 Sight Range 16 Terrain Scan Range 16 Terrain Scan Density 10 Weapon Shielding 33 Evasion (%) 55 Recoil Reduction 2 Item Schematics ----------------- None Robot Schematics ------------------ None Fabricated ------------ Nothing Alien Tech Used ----------------- None Achievements -------------- None Challenges ------------ None Game ------ Seed CarbideCombatBallwheel Manual? 0 Play Time 00:12:11 Cumulative 29.0 hours Start 2024.10.22 @ 17:12:29 End 2024.10.22 @ 17:23:31 Sessions 1 Manual Loads 0 Difficulty Rogue Special Mode None Game No. 43 Rogue 43 Adventurer 0 Explorer 0 Win Type - Total 0 Types 0/0/0/0/0/0/0/0/0 Lore% 19 Gallery% 30 Achievement% 27 Wizard Run 0 Options --------- Layout 1 ASCII 1 Keyboard 0 Movement Arrows Keybinds 0 Fullscreen 1 Font 24/Smallcaps Map View 50x35 Zoom Use 0% Tactical HUD 1 Map Filters NONE Filters NONE Steam 1 RUN: 56d2b132-9038-4e49-a605-7d057ed49803